 Dungeon Crawl Stone Soup version 0.29.0-11-gd7f09526c8 (webtiles) character file.

Game seed: 5248540553906825088

583 gelatine the Firebug (level 7, 0/46 HPs)
             Began as a Demonspawn Fire Elementalist on Sept 3, 2022.
             Was a Believer of Wu Jian.
             Slain by a killer bee zombie (6 damage)
             ... in an ossuary.
             The game lasted 00:11:07 (4875 turns).

gelatine the Firebug (Demonspawn Fire Elementalist) Turns: 4875, Time: 00:11:08

Health: 0/46       AC:  4    Str:  8    XL:     7   Next: 14%
Magic:  1/13       EV: 12    Int: 24    God:    Wu Jian [**....]
Gold:   232        SH:  5    Dex: 14    Spells: 12/15 levels left

rFire   . . .      SeeInvis .   i - +1 dagger
rCold   . . .      Faith    .   h - orb {mayhem}
rNeg    . . .      Spirit   .   y - +2 robe {Will+}
rPois   .          Reflect  +   (no helmet)
rElec   .          Harm     .   (no cloak)
rCorr   .          Rampage  .   (no gloves)
Will    +....                   (no boots)
Stlth   ++........              l - amulet of reflection
HPRegen 0.15/turn               u - +6 ring of intelligence
MPRegen 0.13/turn               (no ring)

@: attractive, hasted, very quick
A: foul stench 1, powered by death 1
a: Renounce Religion, Wall Jump


You were in an ossuary.
You worshipped Wu Jian.
Wu Jian was pleased with you.
You visited 1 branch of the dungeon, and saw 4 of its levels.
You also visited: Ossuary.

You collected 232 gold pieces.

Inventory:

Hand Weapons
 i - a +1 dagger (weapon)
Armour
 a - a +0 robe
 h - an orb of mayhem (worn)
 y - a +2 robe of willpower (worn)
Jewellery
 l - an amulet of reflection (around neck)
 u - a +6 ring of intelligence (left hand)
Wands
 x - a wand of roots (11)
Scrolls
 c - a scroll of enchant armour
 g - a scroll of immolation
 t - a scroll of silence {unknown}
Potions
 e - a potion of flight {unknown}
 f - a potion of curing
 j - a potion of cancellation {unknown}
 o - a potion of heal wounds {unknown}
 r - 4 potions of attraction
 v - a potion of lignification {unknown}
 w - a potion of ambrosia {unknown}
 z - a potion of brilliance {unknown}


   Skills:
 + Level 1.4 Short Blades
 + Level 2.1 Dodging
 + Level 2.4 Stealth
 + Level 0.8 Shields
 + Level 4.5 Spellcasting
 + Level 2.9 Conjurations
 + Level 4.8 Fire Magic


You had 12 spell levels left.
You knew the following spells:

 Your Spells              Type           Power      Damage    Failure   Level
a - Foxfire               Conj/Fire      92%        2x1d8     1%          1
b - Scorch                Fire           56%        2d7       1%          2

Your spell library contained the following spells:

 Spells                   Type           Power      Damage    Failure   Level
 Conjure Flame            Conj/Fire      23%        6-21      6%          3
 Inner Flame              Hex/Fire       17%        N/A       11%         3
 Blink                    Tloc           10%        N/A       14%         2
 Flame Wave               Conj/Fire      23%        2d8       19%         4
 Lesser Beckoning         Tloc           5%         N/A       28%         3
 Fireball                 Conj/Fire      11%        3d7       47%         5
 Manifold Assault         Tloc           5%         N/A       95%         5
 Starburst                Conj/Fire      11%        6d5       96%         6
 Ignition                 Fire           14%        3d6       100%        8


Dungeon Overview and Level Annotations

Branches:
Dungeon (4/15)            Ossuary (1/1)
 Temple: D:4-7

Altars:
Wu Jian

Shops:
D:1 *


Innate Abilities, Weirdness & Mutations

You may rarely emit foul miasma when damaged in melee.
You regenerate a little health from kills.


Message History

Casting: Scorch (safe; 1% risk of failure)
Confirm with . or Enter, or press ? or * to list all spells.
Flames lash the killer bee zombie.
The killer bee zombie is moderately damaged.
The killer bee zombie's fire resistance burns away.
The centaur zombie hits you.
* * * LOW HITPOINT WARNING * * *
The centaur zombie kicks you.
* * * LOW HITPOINT WARNING * * *
The bullfrog zombie hits you but does no damage.
Casting: Scorch (safe; 1% risk of failure)
Confirm with . or Enter, or press ? or * to list all spells.
Flames lash the bullfrog zombie.
The bullfrog zombie is severely damaged.
The bullfrog zombie's fire resistance burns away.
The centaur zombie closely misses you. The centaur zombie barely misses you.
You block the bullfrog zombie's attack.
Casting: Scorch (safe; 1% risk of failure)
Confirm with . or Enter, or press ? or * to list all spells.
Flames lash the bullfrog zombie.
The bullfrog zombie is burned terribly!
You destroy the bullfrog zombie!
The Council accepts your kill. The centaur zombie closely misses you.
The centaur zombie kicks you but does no damage.
Casting: Scorch (safe; 1% risk of failure)
Confirm with . or Enter, or press ? or * to list all spells.
You don't have enough magic to cast this spell.
It was a potion of attraction.
You feel attractive to monsters.
The killer bee zombie barely misses you.
The centaur zombie hits you but does no damage.
The centaur zombie barely misses you.
It was a potion of curing.
You feel better.
The killer bee zombie hits you but does no damage.
The centaur zombie hits you.
* * * LOW HITPOINT WARNING * * *
You block the centaur zombie's attack. The killer bee zombie hits you.
* * * LOW HITPOINT WARNING * * *
You feel better. The killer bee zombie hits you.
You die...

##### #@.∩#
#ZZ.### #...#.#
###.##'##~##'##~
#.'......~~Z~~~~
###'#+#+#Z~Z~.~~
# P#.~.#P ##
~~≈# ###


You could see a killer bee zombie (combustible) and a centaur zombie
(combustible).

Vanquished Creatures
  A black bear (D:4)
  3 bullfrog zombies (Ossuary)
  A hound (D:3)
  3 mummies (Ossuary)
  Ijyb (D:4)
  Natasha (thrice) (D:4)
  2 gnolls (D:3)
  5 adders
  2 worms (D:3)
  A dart slug (D:3)
  An orc (D:4)
  4 endoplasms
  5 giant cockroaches
  A goblin (D:1)
  8 hobgoblins
  2 quokkas
  2 ball pythons (D:2)
  7 bats
  7 frilled lizards
  2 kobolds (D:4)
  A rat (D:3)
62 creatures vanquished.

Vanquished Creatures (collateral kills)
  A centaur zombie (Ossuary)
  A mummy (Ossuary)
  2 goblins (D:2)
  A rat (D:2)
  A foxfire (Ossuary)
6 creatures vanquished.

Vanquished Creatures (others)
  A mummy (Ossuary)
  A gnoll (D:3)
  208 foxfires
  2 withered plants (Ossuary)
212 creatures vanquished.

Grand Total: 280 creatures vanquished

Notes
Turn   | Place    | Note
-------+----------+-------------------------------------------
     0 | D:1      | gelatine the Demonspawn Fire Elementalist began the quest
                  | for the Orb.
     0 | D:1      | Reached XP level 1. HP: 13/13 MP: 3/3
   158 | D:1      | Found Boecicur's General Store.
   336 | D:1      | Found a faded altar of an unknown god.
   451 | D:1      | Prayed at the altar of an unknown god.
   451 | D:1      | Became a worshipper of the Wu Jian Council
   451 | D:1      | Reached * piety under Wu Jian
  1164 | D:2      | Gained mutation: You may rarely emit foul miasma when
                  | damaged in melee. [demonic ancestry]
  1164 | D:2      | Reached XP level 2. HP: 19/19 MP: 3/5
  1854 | D:2      | Reached XP level 3. HP: 22/24 MP: 2/6
  1857 | D:2      | Learned a level 2 spell: Scorch
  2441 | D:2      | Reached ** piety under Wu Jian
  3285 | D:3      | Reached XP level 4. HP: 30/30 MP: 4/8
  3776 | D:3      | Reached XP level 5. HP: 33/35 MP: 1/10
  4145 | D:4      | Noticed Natasha
  4150 | D:4      | Killed Natasha
  4173 | D:4      | Noticed Natasha
  4184 | D:4      | Killed Natasha
  4250 | D:4      | Noticed Ijyb
  4255 | D:4      | Killed Ijyb
  4357 | D:4      | Noticed Natasha
  4362 | D:4      | Killed Natasha
  4592 | D:4      | Noticed a black bear
  4596 | D:4      | Killed a black bear
  4597 | D:4      | Reached XP level 6. HP: 41/41 MP: 6/12
  4833 | D:4      | Found a sand-covered staircase.
  4842 | Ossuary  | Entered an ossuary
  4852 | Ossuary  | Reached skill level 1 in Short Blades
  4861 | Ossuary  | Gained mutation: You regenerate a little health from kills.
                  | [demonic ancestry]
  4861 | Ossuary  | Reached XP level 7. HP: 5/46 MP: 2/13
  4870 | Ossuary  | HP: 2/46 [centaur zombie (3)]
  4875 | Ossuary  | Slain by a killer bee zombie

Illustrated notes

Levels and vault maps discovered:
D:1:      dpeg_arrival_line_fractal, layout_basic,
          chequers_ecumenical_altar_island, serial_shops, shop
D:2:      minmay_evil_eye, layout_basic, nicolae_eternal_life,
          minmay_heptomino_d4
D:3:      layout_basic
D:4:      black_bear_nest_1, layout_rooms, lightli_ossuary_entry_decrepit_ruins,
          kennysheep_small_square, uniq_natasha, uniq_ijyb
Ossuary:  ossuary_zaba_flooded

Skill      XL: |  1  2  3  4  5  6 |
---------------+-------------------+-----
Fire Magic     | 3 4 |  4.8
Stealth        | 2 |  2.4
Dodging        | 2 |  2.1
Spellcasting   | 3 4 |  4.5
Conjurations   | 2 |  2.9
Short Blades   | 1 |  1.4
Shields        | |  0.8

Action                   |  1- 3 |  4- 6 |  7- 9 || total
-------------------------+-------+-------+-------++-------
Melee: Dagger            |    72 |    26 |       ||    98
       Unarmed           |     4 |       |       ||     4
 Cast: Foxfire           |    75 |    55 |     2 ||   132
       Scorch            |     5 |    15 |     6 ||    26
Invok: Lunge             |     6 |     4 |       ||    10
       Whirlwind         |     1 |     1 |       ||     2
  Use: Scroll            |       |     8 |       ||     8
       Potion            |       |     1 |     4 ||     5
 Stab: Sleeping          |     1 |     2 |       ||     3
Armor: Robe              |    13 |    10 |     5 ||    28
Dodge: Dodged            |    37 |    20 |     5 ||    62
Block: Orb               |    26 |     8 |     2 ||    36
